 Dungeon Crawl Stone Soup version 0.29.1-15-g9cfb28693d (webtiles) character file.

Game seed: 6883713881226353841

124 Eryximachus the Changer (level 5, 0/33 HPs)
             Began as an Octopode Transmuter on Apr 8, 2023.
             Was an Initiate of Gozag.
             Killed from afar by Blork the orc (8 damage)
             ... with a puff of flame
             ... on level 4 of the Dungeon on Apr 9, 2023.
             The game lasted 00:12:14 (3884 turns).

Eryximachus the Changer (Octopode Transmuter)       Turns: 3884, Time: 00:12:14

Health: 0/33       AC:  2    Str: 10    XL:     5   Next: 8%
Magic:  4/8        EV: 19    Int: 17    God:    Gozag
Gold:   106        SH:  0    Dex: 17    Spells: 2/8 levels left

rFire   . . .      SeeInvis .     - Unarmed
rCold   . . .      Faith    .   (shield currently unavailable)
rNeg    . . .      Spirit   .   (helmet currently unavailable)
rPois   x          Reflect  .   (no amulet)
rElec   .          Harm     .   (no ring)
rCorr   .          Rampage  .   (no ring)
Will    .....                   (no ring)
Stlth   ++........              (no ring)
HPRegen 0.11/turn               (no ring)
MPRegen 0.11/turn               (no ring)
                                (no ring)
                                (no ring)

@: lethally poisoned (0 -> -5), spider-form, wereblooded
A: venomous fangs, almost no armour, (amphibious), 8 rings, tiny, (camouflage
1), (gelatinous body 1), (nimble swimmer 1), (tentacles)
a: End Transformation, Renounce Religion, Potion Petition, Call Merchant, Bribe
Branch


You were on level 4 of the Dungeon.
You worshipped Gozag.
Gozag was aware of your devotion.
You were a venomous arachnid creature.
You visited 1 branch of the dungeon, and saw 4 of its levels.

You collected 150 gold pieces.
You paid 44 gold pieces to Gozag.


Innate Abilities, Weirdness & Mutations

You are a venomous arachnid creature.
You have poisonous fangs.
You are tiny and dextrous.
Your spellcasting is less reliable in this form.
Your armour is entirely melded.
You are incapable of wielding weapons or throwing items.
You cannot wear most types of armour.
((You are amphibious.))
You can wear up to eight rings at the same time.
((Your skin changes colour to match your surroundings (Stealth+).))
((Your rubbery body absorbs attacks. (AC +1, EV +1)))
((You are camouflaged when in or above water. (Stealth+)))
((You have tentacles for arms and can constrict up to eight enemies at once.))


   Skills:
 + Level 1.0 Fighting
 - Level 2.0 Dodging
 + Level 3.0 Unarmed Combat
 + Level 2.4 Spellcasting
 * Level 3.9 Transmutations
 * Level 2.9 Poison Magic


You had 2 spell levels left.
You knew the following spells:

 Your Spells              Type           Power      Damage    Failure   Level
b - Beastly Appendage     Tmut           30%        N/A       12%         1
s - Spider Form           Tmut/Pois      13%        N/A       30%         3
w - Wereblood             Tmut           15%        N/A       16%         2

Your spell library contained the following spells:

 Spells                   Type           Power      Damage    Failure   Level
 Ice Form                 Ice/Tmut       8%         N/A       82%         4
 Borgnjor's Revivificati  Necr           1%         N/A       100%        8
 Necromutation            Tmut/Necr      4%         N/A       100%        8
 Death's Door             Necr           1%         N/A       100%        9

Inventory:

Missiles
 b - 23 stones (quivered)
Armour
 i - the +1 tower shield "Etyjeb" {rC+}
   (You found it on level 2 of the Dungeon)

   rC:        It protects you from cold.
Wands
 l - a wand of charming (9)
 m - a wand of polymorph (8)
 o - a wand of mindburst (14)
 q - a wand of roots (4)
Scrolls
 c - 3 scrolls of teleportation {unknown}
 d - 2 scrolls of summoning {unknown}
 e - a scroll of enchant armour {unknown}
 g - a scroll of poison {unknown}
 h - a scroll of amnesia {unknown}
 j - a scroll of enchant weapon {unknown}
 n - 2 scrolls of vulnerability {unknown}
 p - a scroll of fog {unknown}
Potions
 a - a potion of lignification
 f - 2 potions of curing {@q1}
 k - a potion of berserk rage {!q}

Dungeon Overview and Level Annotations

Branches:
Dungeon (4/15)
 Temple: D:4-7

Altars:
Gozag
Makhleb
Nemelex Xobeh

Annotations:
D:3 Sigmund
D:4 Blork the orc

$ # .
.## .
..# .#
#.###.#
#.....#
#.....#
#.....#
#s....#
#<....#
#.....#
#o....#
#######


You could see Blork the orc (fast, extremely poisoned).


Message History

Blork the orc looks as sick as possible!
Blork the orc is heavily wounded.
* * * LOW HITPOINT WARNING * * *
You feel very sick. Blork the orc barely misses you.
Unknown command.
You hit Blork the orc.
Blork the orc looks as sick as possible!
Blork the orc is severely wounded.
You feel sick.
Blork the orc begins to cast a cantrip, but forgets the words!
Blork the orc completely misses you.
Unknown command.
You hit Blork the orc.
Blork the orc looks as sick as possible!
Blork the orc is almost dead.
* * * LOW HITPOINT WARNING * * *
You feel very sick. Blork the orc completely misses you.
Unknown command.
You feel sick. Blork the orc closely misses you.
Blork the orc screams, "I'll eat your brain!
And then I'll vomit it back up!"
Blork the orc casts a spell at you. The puff of frost misses you.
There is a stone staircase leading up here.
You feel sick.
Blork the orc points at you and mumbles some strange words.
The puff of flame hits you!
You die...
Your body crumbles into a pile of gold.

Skill      XL: |  1  2  3  4 |
---------------+-------------+-----
Transmutations | 3 |  3.9
Poison Magic   | 1 2 |  2.9
Fighting       | |  1.0
Dodging        | |  2.0
Unarmed Combat | |  3.0
Spellcasting   | |  2.4

Action                   |  1- 3 |  4- 6 || total
-------------------------+-------+-------++-------
Melee: Unarmed           |    99 |    58 ||   157
       Kick              |    14 |       ||    14
       Constrict         |    25 |     5 ||    30
       Tentacles         |    19 |     8 ||    27
       Punch             |     6 |       ||     6
 Cast: Beastly Appendage |    16 |     3 ||    19
       Wereblood         |     6 |     4 ||    10
       Spider Form       |       |     4 ||     4
  Use: Scroll            |     3 |       ||     3
       Potion            |       |     1 ||     1
 Stab: Sleeping          |     9 |     2 ||    11
Armor: Skin              |     9 |     4 ||    13
Dodge: Dodged            |    57 |    46 ||   103

Levels and vault maps discovered:
D:1:      mrwooster_arrival_statue, layout_loops_ring
D:2:      layout_loops_ring, kennysheep_boxes
D:3:      layout_loops_corners, grunt_temple_overflow_opulence,
          makhleb_altar_promises_db, uniq_sigmund
D:4:      layout_rooms, uniq_menkaure, uniq_blork_the_orc, uniq_robin

Notes
Turn   | Place    | Note
-------+----------+-------------------------------------------
     0 | D:1      | Eryximachus the Octopode Transmuter began the quest for the
                  | Orb.
     0 | D:1      | Reached XP level 1. HP: 13/13 MP: 3/3
   510 | D:1      | Reached XP level 2. HP: 18/18 MP: 1/5
   549 | D:1      | Learned a level 2 spell: Wereblood
  1129 | D:1      | Reached skill level 3 in Transmutations
  1129 | D:1      | Reached XP level 3. HP: 19/23 MP: 3/6
  1133 | D:1      | Learned a level 3 spell: Spider Form
  1594 | D:2      | Reached skill level 1 in Poison Magic
  1859 | D:2      | Identified the +1 tower shield "Etyjeb" {rC+}
  2378 | D:3      | Reached XP level 4. HP: 28/28 MP: 3/7
  2811 | D:3      | Noticed Sigmund
  2902 | D:3      | Reached skill level 2 in Poison Magic
  3189 | D:3      | Reached XP level 5. HP: 13/33 MP: 3/8
  3365 | D:3      | Found a burning altar of Makhleb.
  3368 | D:3      | Noticed a blizzard demon
  3614 | D:3      | Found a sparkling altar of Nemelex Xobeh.
  3614 | D:3      | Found an opulent altar of Gozag.
  3620 | D:3      | Became a worshipper of Gozag Ym Sagoz the Greedy
  3870 | D:4      | Noticed Blork the orc
  3884 | D:4      | Killed from afar by Blork the orc

Vanquished Creatures
  An orc priest (D:3)
  An adder (D:3)
  2 dart slugs (D:1)
  7 orcs (D:3)
  7 endoplasms
  6 giant cockroaches
  8 hobgoblins
  5 jackals
  2 quokkas
  2 ball pythons
  9 bats
  A frilled lizard (D:2)
  7 goblins
  4 kobolds
  6 rats
68 creatures vanquished.

Table legend: (Time is in decaauts)
 A = Elapsed time spent in this place.
 B = Non-inter-level travel time spent in this place.
 C = Inter-level travel time spent in this place.
 D = Time resting spent in this place.
 E = Time spent auto-exploring this place.
 F = Levels seen in this place.
 G = Mean time per level.
                   A        B        C        D        E       F      G
               +--------+--------+--------+--------+--------+-----+--------+
         Total |   3876 |   3824 |     52 |   1249 |   1089 |   4 |  969.0 |
       Dungeon |   3876 |   3824 |     52 |   1249 |   1089 |   4 |  969.0 |
               +--------+--------+--------+--------+--------+-----+--------+

Top non-repeatable levels by time:
     D:3: 1534 daAuts
     D:1: 1516 daAuts
     D:2: 815 daAuts
     D:4: 9 daAuts

Table legend:
 A = Non-vault XP
 B = Vault XP
 C = Vault XP percentage of total XP
 D = Non-vault monster count
 E = Vault monster count
 F = Vault count percentage of total count
                 A         B        C        D         E       F
            +---------+---------+-------+---------+---------+-------
      Total |     178 |       0 |   0.0 |      68 |       0 |   0.0
            +---------+---------+-------+---------+---------+-------
        D:1 |      47 |       0 |   0.0 |      25 |       0 |   0.0
        D:2 |      32 |       0 |   0.0 |      20 |       0 |   0.0
        D:3 |      99 |       0 |   0.0 |      23 |       0 |   0.0
            +---------+---------+-------+---------+---------+-------
